 Dungeon Crawl Stone Soup version 0.25-a0-544-gee0576305d (webtiles) character file.

Game seed: 12252690064493894567, levelgen mode: deterministic

91 ICC the Firebug (level 4, 0/30 HPs)
             Began as a Formicid Fire Elementalist on Feb 20, 2020.
             Slain by an orc
             ... wielding a +0 mace
              (3 damage)
             ... on level 2 of the Dungeon.
             The game lasted 00:07:09 (1193 turns).

ICC the Firebug (Formicid Fire Elementalist)        Turns: 1193, Time: 00:07:10

Health: 0/30       AC:  2    Str: 13    XL:     4   Next: 87%
Magic:  7/7        EV: 12    Int: 20    God:
Gold:   92         SH:  0    Dex: 11    Spells: 3/7 levels left

rFire    . . .     SeeInvis +   g - +0 dagger
rCold    . . .     Gourm    +   (no shield)
rNeg     . . .     Faith    .   a - +0 robe
rPois    .         Spirit   .   (helmet unavailable)
rElec    .         Reflect  .   e - scarf {repulsion}
rCorr    .         Harm     .   (no gloves)
MR       .....                  (no boots)
Stlth    ++........             k - amulet of the gourmand
HPRegen  0.10/turn              h - ring of flight
MPRegen  0.10/turn              (no ring)

@: brilliant, flying, repel missiles
A: permanent stasis, dig shafts and tunnels, four strong arms, antennae 3
a: Dig, Shaft Self


You were on level 2 of the Dungeon.
You were not hungry.

You visited 1 branch of the dungeon, and saw 2 of its levels.

You collected 92 gold pieces.

Inventory:

Hand Weapons
 g - a +0 dagger (weapon)
Armour
 a - a +0 robe (worn)
 e - a scarf of repulsion (worn)
Jewellery
 h - a ring of flight (left hand)
 k - an amulet of the gourmand (around neck)
Scrolls
 b - a scroll of fog {unknown}
 d - 3 scrolls of identify {unknown}
 i - a scroll of teleportation {unknown}
Potions
 f - 3 potions of curing
 n - a potion of invisibility {unknown}
Comestibles
 c - 2 rations


   Skills:
 - Level 1.7 Dodging
 - Level 2.4 Stealth
 - Level 2.1 Spellcasting
 - Level 2.0 Conjurations
 + Level 2.3 Hexes
 + Level 4.2 Fire Magic


You had 3 spell levels left.
You knew the following spells:

 Your Spells              Type           Power        Failure   Level  Hunger
a - Foxfire               Conj/Fire      ####         1%          1    #......
b - Inner Flame           Hex/Fire       ####....     1%          3    ###....

Your spell library contained the following spells:

 Spells                   Type           Power        Failure   Level  Hunger
 Conjure Flame            Conj/Fire      ####....     1%          3    ###....
 Sticky Flame             Conj/Fire      ####....     5%          4    #####..
 Fireball                 Conj/Fire      ####......   13%         5    ######.


Dungeon Overview and Level Annotations

Branches:
Dungeon (2/15)

Altars:


Innate Abilities, Weirdness & Mutations

You cannot be hasted, slowed, berserked, paralysed or teleported.
You can dig through walls and to a lower floor.
Your four strong arms can wield two-handed weapons with a shield.
You have a pair of large antennae on your head. (SInv)


Message History

You start resting.
All of the chunks of flesh in your inventory have rotted away.
Magic restored.
Okay, then.
You climb downwards.
The orc barely misses you. The orc hits you with a +0 flail.
The orc barely misses you.
There is a stone staircase leading up, spattered with blood here.
You hit the orc.
The orc is heavily wounded.
The orc misses you. The orc hits you with a +0 flail!
* * * LOW HITPOINT WARNING * * *
The orc hits you with a +0 trident.
* * * LOW HITPOINT WARNING * * *
It was a potion of flight.
You feel very buoyant.
You fly up into the air.
The orc misses you. x2
It was a potion of brilliance.
You feel clever all of a sudden. The orc hits you but does no damage.
The orc hits you with a +0 mace.
You die...

#.###########....#...#..#..#..#
#.#...........####.#....##...##
....########### #......##..#####
.....## #...#.###....... #.##..#
#...#.# #....... #.###.####
###....###....... #.#....[.####
#...#....#.......
#.##.......<#####o#.##..[........
#.#####.....)..o@........#.......
#.# ##....#..##o#.####.........
#.# ####.......#.# ###....... #.#
#####..#..# #...>.). #.# #....##
######.. #.# #....# ##. #.#
#.....# #. ..# #..#..# #. .##
#..#..# ########o


You could see 3 orcs.

Vanquished Creatures
  An orc wizard (D:2)
  2 adders (D:2)
  2 dart slugs (D:2)
  3 leopard geckos
  2 giant cockroaches
  7 goblins
  A hobgoblin (D:1)
  5 jackals
  A kobold (D:1)
  7 bats
  3 frilled lizards
  4 rats (D:1)
38 creatures vanquished.

Vanquished Creatures (others)
  88 foxfires
88 creatures vanquished.

Grand Total: 126 creatures vanquished

Notes
Turn   | Place    | Note
-------+----------+-------------------------------------------
     0 | D:1      | ICC the Formicid Fire Elementalist began the quest for the
                  | Orb.
     0 | D:1      | Reached XP level 1. HP: 13/13 MP: 3/3
    77 | D:1      | Reached skill level 1 in Conjurations
   180 | D:1      | Reached XP level 2. HP: 13/19 MP: 1/5
   613 | D:1      | Reached XP level 3. HP: 24/24 MP: 4/6
   618 | D:1      | Learned a level 3 spell: Inner Flame
   944 | D:2      | Reached skill level 1 in Hexes
   995 | D:2      | Reached XP level 4. HP: 13/30 MP: 1/7
  1108 | D:2      | Reached skill level 4 in Fire Magic
  1193 | D:2      | Slain by an orc

Levels and vault maps discovered:
D:1:      minmay_arrival_up_and_down, layout_rooms, serial_bayou,
          serial_bayou_lake_a, serial_bayou_shore_a, serial_bayou_ford_a,
          serial_bayou_crossing, serial_bayou_pond_c, minmay_pentomino_p2
D:2:      layout_rooms, minmay_strange_pillars, minmay_misc_feat_roman,
          minmay_three_crescents

Skill      XL: |  1  2  3  4 |
---------------+-------------+-----
Conjurations   | 1 2 |  2.0
Hexes          | 1 2 |  2.3
Fire Magic     | 4 |  4.2
Dodging        | |  1.7
Stealth        | |  2.4
Spellcasting   | |  2.1

Action                   |  1- 3 |  4- 6 || total
-------------------------+-------+-------++-------
Melee: Unarmed           |     5 |       ||     5
       Dagger            |    29 |     4 ||    33
 Cast: Foxfire           |    42 |    10 ||    52
  Use: Potion            |     1 |     2 ||     3
 Stab: Sleeping          |     1 |       ||     1
  Eat: Chunk             |     1 |     1 ||     2
Armor: Robe              |     3 |     1 ||     4
Dodge: Dodged            |    26 |    10 ||    36

Table legend:
 A = Non-vault XP
 B = Vault XP
 C = Vault XP percentage of total XP
 D = Non-vault monster count
 E = Vault monster count
 F = Vault count percentage of total count
                 A         B        C        D         E       F
            +---------+---------+-------+---------+---------+-------
      Total |     106 |      24 |  18.5 |      31 |       7 |  18.4
            +---------+---------+-------+---------+---------+-------
        D:1 |      31 |       1 |   3.1 |      19 |       1 |   5.0
        D:2 |      75 |      23 |  23.5 |      12 |       6 |  33.3
            +---------+---------+-------+---------+---------+-------
